 Dungeon Crawl Stone Soup version 0.28-a0-1412-gf95308ed99 (webtiles) character file.

Game seed: 12218926708615804414

640 tilp the Chiller (level 7, 30/30 HPs)
             Began as a Felid Ice Elementalist on Jan 6, 2022.
             Quit the game on level 5 of the Dungeon.
             The game lasted 00:08:32 (7104 turns).

tilp the Chiller (Felid Ice Elementalist)           Turns: 7104, Time: 00:08:32

Health: 30/30      AC:  2    Str:  4    XL:     7   Next: 26%
Magic:  13/13      EV: 18    Int: 18    God:
Gold:   1617       SH:  0    Dex: 17    Spells: 2/13 levels left
                                        Lives:  1   Deaths: 1

rFire   . . .      SeeInvis +     - Unarmed
rCold   . . .      Faith    .   (shield unavailable)
rNeg    . . .      Spirit   .   (armour unavailable)
rPois   .          Reflect  .   (helmet unavailable)
rElec   .          Harm     .   (cloak unavailable)
rCorr   .          Rampage  .   (gloves unavailable)
Will    +....                   (boots unavailable)
Stlth   +++.......              (no amulet)
HPRegen 0.10/turn               (no ring)
MPRegen 0.13/turn               (no ring)

@: quick
A: very small, claws 1, fangs 3, see invisible, speed 1, shaggy fur 2, stealthy
paws, no weapons or thrown items, no armour, multi-lived
a: no special abilities


You were on level 5 of the Dungeon.
You visited 1 branch of the dungeon, and saw 5 of its levels.

You collected 1617 gold pieces.

Inventory:

Jewellery
 f - a ring of fire
Scrolls
 e - a scroll of amnesia
 g - 2 scrolls of torment
 i - a scroll of magic mapping
Potions
 a - 2 potions of mutation
 b - 2 potions of curing
 c - 2 potions of lignification {unknown}
 d - 2 potions of cancellation
 j - a potion of heal wounds {unknown}


   Skills:
 - Level 2.0 Fighting
 - Level 4.0 Dodging
 - Level 6.0 Stealth
 - Level 4.0 Unarmed Combat
 + Level 3.9 Spellcasting
 + Level 2.1 Conjurations
 + Level 6.5 Ice Magic


You had 2 spell levels left.
You knew the following spells:

 Your Spells              Type           Power      Damage    Failure   Level
a - Freeze                Ice            100%       1d11      1%          1
b - Frozen Ramparts       Ice            54%        1d7       3%          3
c - Ozocubu's Armour      Ice            27%        N/A       3%          3
d - Hailstorm             Conj/Ice       19%        3d6       24%         4

Your spell library contained the following spells:

 Spells                   Type           Power      Damage    Failure   Level


Dungeon Overview and Level Annotations

Branches:
Dungeon (5/15)
 Temple: D:4-7

Altars:


Innate Abilities, Weirdness & Mutations

You have sharp claws.
You have razor-sharp teeth.
You have supernaturally acute eyesight. (SInv)
You cover ground quickly. (Speed+)
You are covered in thick fur. (AC +2)
Your paws help you pounce on unaware monsters.
You are incapable of wielding weapons or throwing items.
You cannot wear armour.
You gain extra lives every three experience levels.


Message History

Found a whip.
An adder comes into view.
An adder is nearby!
An adder is nearby!
An adder is nearby!
No reachable target in view!
A centaur comes into view.
The adder hisses angrily.
The centaur shouts!
A scorpion comes into view.
The centaur wields a +0 shortbow.
The centaur shoots an arrow.
The arrow hits you. Why would you want to do that?
The centaur shoots an arrow.
The arrow hits you.
The centaur shoots an arrow.
The arrow hits you!
* * * LOW HITPOINT WARNING * * *
Your unstable footing causes you to fumble your attack.
The adder misses you.
You scratch the plant.
The plant begins to die.
The plant is lightly damaged.
The centaur unwields a +0 shortbow.
The centaur hits the plant.
The plant begins to die.
The centaur kicks the plant.
The adder bites you but does no damage. The adder misses you.
The centaur hits the plant.
The centaur kicks the plant.
Unknown command.
The centaur wields a +0 shortbow.
The centaur shoots an arrow.
The arrow hits you!
* * * LOW HITPOINT WARNING * * *
The adder closely misses you.
A nearby plant withers and dies.
The adder closely misses you. The adder closely misses you.
The adder misses you. The adder bites you.
You die...
The centaur hits the plant.
The plant begins to die.
The centaur completely misses the plant.
You are now level 7!
You rejoin the land of the living...
Unknown command.
Unknown command.
Unknown command.
Are you sure you want to abandon this character and quit the game? (Confirm with "yes".) ....####.)..## #.♣≈P #..............# .≈ ≈≈ '.#######)####....+ .♣ P♣ #.# ##.))..##.#### #.####.....##..# ≈ #.##.#8...##...# PP≈

#. #.#..(..#.###..# ♣≈≈≈
#...###.###.#.8.#.#..# ≈≈≈≈≈
#........##.#.#.@##..#####
♣≈≈≈≈≈
.#.###.#.##.##...##...).♣♣≈P≈≈≈≈
#.##.)##..#.###..#..###≈≈≈P≈≈≈≈
#.....##########.#.###.≈♣≈≈≈≈≈≈
#####..............# #.♣≈P≈≈≈≈≈
##.####+##.#.### #.≈♣♣≈≈≈≈≈
#..........#.#####.†≈≈≈≈≈≈≈
#........###.......♣S≈≈≈≈≈≈
#........# ########♣≈≈≈P≈≈≈


There were no monsters in sight!

Vanquished Creatures
  2 water moccasins
  A necrophage (D:4)
  An orc warrior (D:5)
  A centaur (D:4)
  An ogre (D:4)
  A vampire bat (D:3)
  4 hounds
  4 orc priests
  A gnoll shaman (D:4)
  Natasha (thrice) (D:4)
  2 orc wizards
  4 gnolls (D:4)
  5 adders
  A white imp (D:5)
  A worm (D:4)
  3 dart slugs (D:1)
  3 fire bats (D:3)
  9 orcs
  A spectral bat (D:3)
  5 ball pythons
  3 bat skeletons (D:3)
  A bat zombie (D:3)
  9 endoplasms
  5 giant cockroaches
  5 hobgoblins
  9 jackals
  4 kobolds
  5 quokkas
  14 bats
  A bat simulacrum (D:3)
  4 frilled lizards
  4 goblins
  7 rats
124 creatures vanquished.

Vanquished Creatures (others)
  A spectral bat (D:3)
  6 plants (D:5)
7 creatures vanquished.

Grand Total: 131 creatures vanquished

Notes
Turn   | Place    | Note
-------+----------+-------------------------------------------
     0 | D:1      | tilp the Felid Ice Elementalist began the quest for the
                  | Orb.
     0 | D:1      | Reached XP level 1. HP: 7/7 MP: 4/4
   283 | D:1      | Reached XP level 2. HP: 4/11 MP: 3/6
  1516 | D:1      | Reached XP level 3. HP: 14/14 MP: 3/7
  1867 | D:1      | Learned a level 3 spell: Frozen Ramparts
  2101 | D:1      | Found a faded altar of an unknown god.
  3469 | D:3      | Reached XP level 4. HP: 18/18 MP: 5/9
  3793 | D:3      | Reached skill level 5 in Ice Magic
  3817 | D:3      | Reached XP level 5. HP: 20/21 MP: 0/10
  4338 | D:3      | Learned a level 3 spell: Ozocubu's Armour
  4351 | D:3      | Gained mutation: You are covered in thick fur. (AC +2)
                  | [Felid growth]
  4351 | D:3      | Reached XP level 6. HP: 23/25 MP: 4/11
  4654 | D:4      | Reached skill level 1 in Unarmed Combat
  4715 | D:4      | Noticed Natasha
  4719 | D:4      | Killed Natasha
  4720 | D:4      | Reached skill level 1 in Fighting
  4844 | D:4      | Noticed Natasha
  4914 | D:4      | Reached XP level 7. HP: 26/30 MP: 10/12
  4984 | D:4      | Reached skill level 5 in Stealth
  5276 | D:4      | Killed Natasha
  5677 | D:4      | Noticed Natasha
  5682 | D:4      | Killed Natasha
  5752 | D:4      | Learned a level 4 spell: Hailstorm
  6103 | D:4      | Identified a scroll of acquirement
  6103 | D:4      | Acquired 1334 gold pieces
  6152 | D:5      | Entered Level 5 of the Dungeon
  6159 | D:5      | Reached skill level 1 in Conjurations
  6159 | D:5      | Reached XP level 8. HP: 33/33 MP: 4/14
  7100 | D:5      | HP: 1/33 [centaur/arrow (12)]
  7103 | D:5      | Slain by an adder
  7104 | D:5      | Reached XP level 7. HP: -2/30 MP: 13/13
  7104 | D:5      | Quit the game

Illustrated notes

Levels and vault maps discovered:
D:1:      roderic_octagonal_star, layout_basic, ebering_ecumenical_altar_hall,
          minmay_misc_feat_nine_boxes, st_stairs_5, minmay_split_cup_small
D:2:      layout_loops_ring
D:3:      layout_rooms, palyth_stone_intersect, goddamned_bats
D:4:      layout_gridville, hangedman_abyss_or_decor_lesser_grid, uniq_natasha
D:5:      layout_basic, serial_bayou, serial_bayou_lake_a, serial_bayou_pond_d,
          serial_bayou_pond_e, serial_bayou_crossing, guppyfry_early_orc_mine,
          uniq_crazy_yiuf_cottage

Skill      XL: |  1  2  3  4  5  6  7  8 |
---------------+-------------------------+-----
Ice Magic      | 4 5 6 |  6.5
Spellcasting   | 3 |  3.9
Dodging        | 3 4 |  4.0
Stealth        | 3 4 6 |  6.0
Unarmed Combat | 2 4 |  4.0
Fighting       | 2 |  2.0
Conjurations   | 1 2 |  2.1

Action                   |  1- 3 |  4- 6 |  7- 9 || total
-------------------------+-------+-------+-------++-------
Melee: Unarmed           |    28 |    62 |    42 ||   132
       Bite              |     3 |     6 |     5 ||    14
       Punch             |     1 |       |     2 ||     3
 Cast: Freeze            |    69 |    36 |    39 ||   144
       Frozen Ramparts   |     2 |     5 |    10 ||    17
       Ozocubu's Armour  |       |     2 |     6 ||     8
       Hailstorm         |       |       |     5 ||     5
  Use: Scroll            |     5 |     3 |     3 ||    11
 Stab: Sleeping          |     5 |     9 |     6 ||    20
Armor: Skin              |     5 |    29 |    17 ||    51
Dodge: Dodged            |    84 |   146 |    55 ||   285

Table legend: (Time is in decaauts)
 A = Elapsed time spent in this place.
 B = Non-inter-level travel time spent in this place.
 C = Inter-level travel time spent in this place.
 D = Time resting spent in this place.
 E = Time spent auto-exploring this place.
 F = Levels seen in this place.
 G = Mean time per level.
                   A        B        C        D        E       F      G
               +--------+--------+--------+--------+--------+-----+--------+
         Total |   6528 |   6453 |     75 |   1378 |   4270 |   5 | 1305.6 |
       Dungeon |   6528 |   6453 |     75 |   1378 |   4270 |   5 | 1305.6 |
               +--------+--------+--------+--------+--------+-----+--------+

Top non-repeatable levels by time:
     D:1: 2294 daAuts
     D:4: 1364 daAuts
     D:3: 1228 daAuts
     D:5: 921 daAuts
     D:2: 719 daAuts
